 Dungeon Crawl Stone Soup version 0.25-a0-258-g6d7e32a (webtiles) character file.

Game seed: 10034912207071794760, levelgen mode: deterministic

117901 Anno the Severer (level 16, -18/112 HPs)
             Began as a Deep Dwarf Fighter on Dec 5, 2019.
             Was an Elder of Elyvilon.
             Killed from afar by a wretched star (29 damage)
             ... with a lance of force
             ... on level 2 of the Abyss on Dec 6, 2019.
             The game lasted 02:44:16 (23189 turns).

Anno the Severer (Deep Dwarf Fighter)              Turns: 23189, Time: 02:44:17

Health: -18/112    AC: 20    Str: 22    XL:     16   Next: 24%
Magic:  21/21      EV:  8    Int: 11    God:    Elyvilon [****..]
Gold:   994        SH: 16    Dex: 12    Spells: 13/15 levels left

rFire    + + .     SeeInvis .   a - +4 broad axe (flame)
rCold    + . .     Gourm    .   L - +2 shield of Resistance {rF+ rC+ MR+}
rNeg     + . .     Faith    .   P - +4 chain mail
rPois    +         Spirit   .   (no helmet)
rElec    .         Reflect  .   e - +1 cloak {MR+}
rCorr    .         Harm     .   n - +1 pair of gloves
MR       ++++.     Rnd*Rage +   j - +1 pair of boots
Stlth    ..........             y - amulet of Rafom {+Rage rF+}
HPRegen  0.00/turn              Q - ring of poison resistance
MPRegen  0.17/turn              x - +5 ring of strength

@: berserk cooldown, non-regenerating, slowed, very slow
A: damage resistance, heal wounds, talons 1, yellow scales 1, [berserk 2],
blurry vision 1[+2], [deformed body], [dopey 2], [frail 2], [low mp 2], negative
energy resistance 1, sense surroundings 2, [screaming 2], [weak 2], no
regeneration
a: Heal Wounds, Lesser Healing, Heal Other, Purification, Greater Healing,
Divine Protection, Renounce Religion, Evoke Berserk Rage


You were on level 2 of the Abyss.
You worshipped Elyvilon.
Elyvilon was greatly pleased with you.
You were not hungry.

You visited 5 branches of the dungeon, and saw 27 of its levels.
You visited the Abyss 1 time.

You collected 2264 gold pieces.
You spent 1270 gold pieces at shops.

Inventory:

Hand Weapons
 a - a +4 broad axe of flaming (weapon)
Missiles
 g - 129 poisoned darts (quivered)
 l - 35 boomerangs
 J - 4 throwing nets
Armour
 e - a +1 cloak of magic resistance (worn)
 j - a +1 pair of boots (worn)
 n - a +1 pair of gloves (worn)
 u - a scarf of resistance
 L - the +2 shield of Resistance (worn) {rF+ rC+ MR+}
   (You found it on level 13 of the Dungeon)

   It protects you from fire.
   It protects you from cold.
   It affects your resistance to hostile enchantments.
 P - a +4 chain mail (worn)
Jewellery
 x - a +5 ring of strength (right hand)
 y - the amulet of Rafom (around neck) {+Rage rF+}
   (You found it on level 13 of the Dungeon)

   [amulet of rage]

   It protects you from fire.
   It lets you go berserk.
 Q - a ring of poison resistance (left hand)
Wands
 c - a wand of enslavement (12)
 h - a wand of acid (4)
 E - a wand of disintegration (3)
 O - a wand of iceblast (1)
 R - a wand of polymorph (34)
 Y - a wand of flame (25)
 Z - a wand of paralysis (19)
Scrolls
 b - a scroll of noise {unknown}
 i - a scroll of blinking
 k - 8 scrolls of magic mapping
 o - a scroll of brand weapon
 A - 10 scrolls of remove curse
 C - 10 scrolls of teleportation
 M - 2 scrolls of vulnerability
 T - a scroll of fear
Potions
 d - 3 potions of might
 m - 14 potions of curing
 p - 3 potions of resistance
 q - 9 potions of haste
 w - 2 potions of cancellation
 K - a potion of invisibility
 V - a potion of flight
 W - a potion of heal wounds
Miscellaneous
 r - a box of beasts
Comestibles
 f - 43 rations


   Skills:
 * Level 8.0 Fighting
 - Level 18.7 Axes
   Level 0.8(0.9) Slings
 - Level 0.1(0.4) Throwing
 * Level 9.4 Armour
 - Level 15.0 Shields
 - Level 8.3 Translocations
 - Level 14.0 Invocations
 * Level 10.4 Evocations


You had 13 spell levels left.
You knew the following spells:

 Your Spells              Type           Power        Failure   Level  Hunger
a - Blink                 Tloc           N/A          11%         2    ###....

Your spell library contained the following spells:

 Spells                   Type           Power        Failure   Level  Hunger
 Gell's Gravitas          Tloc           ###.......   22%         3    ####...
 Confusing Touch          Hex            #.....       91%         1    ##.....
 Freeze                   Ice            #...         91%         1    ##.....
 Magic Dart               Conj           #...         91%         1    ##.....
 Sting                    Tmut/Pois      #...         91%         1    ##.....
 Summon Small Mammal      Summ           #...         91%         1    ##.....
 Call Imp                 Summ           #.......     97%         2    ###....
 Corpse Rot               Necr/Air       N/A          97%         2    ###....
 Poisonous Vapours        Pois/Air       #.....       97%         2    ###....
 Slow                     Hex            #.......     97%         2    ###....
 Swiftness                Chrm/Air       #.......     97%         2    ###....
 Call Canine Familiar     Summ           #.......     100%        3    ####...
 Confuse                  Hex            #.......     100%        3    ####...
 Conjure Flame            Conj/Fire      #.......     100%        3    ####...
 Ignite Poison            Fire/Tmut/Pois #.......     100%        3    ####...
 Mephitic Cloud           Conj/Pois/Air  #.......     100%        3    ####...
 Ozocubu's Armour         Chrm/Ice       #.......     100%        3    ####...
 Summon Guardian Golem    Hex/Summ       #.......     100%        3    ####...
 Hailstorm                Conj/Ice       #.......     100%        4    #####..
 Olgreb's Toxic Radiance  Pois           #.......     100%        4    #####..
 Petrify                  Tmut/Erth      #.......     100%        4    #####..
 Summon Ice Beast         Ice/Summ       #.......     100%        4    #####..
 Summon Lightning Spire   Summ/Air       #.......     100%        4    #####..
 Metabolic Englaciation   Hex/Ice        #.........   100%        5    ######.
 Yara's Violent Unravell  Hex/Tmut       #.........   100%        5    ######.
 Shadow Creatures         Summ           N/A          100%        6    #######
 Spellforged Servitor     Conj/Summ      #.........   100%        7    #######


Dungeon Overview and Level Annotations

Branches:
Dungeon (15/15)            Temple (1/1) D:4            Lair (6/6) D:10
  Swamp (0/4) Lair:4        Snake (3/4) Lair:2        Slime (0/5) Lair:5
    Orc (2/2) D:9             Elf (0/3) Orc:2        Vaults (0/5) D:14
 Depths (0/5) D:15

Altars:
Ashenzari
Cheibriados
Dithmenos
Elyvilon
Fedhas
Gozag
Hepliaklqana
Kikubaaqudgha
Makhleb
Nemelex Xobeh
Okawaru
Qazlal
Ru
Sif Muna
Trog
Uskayaw
Vehumet
Wu Jian
Xom
Yredelemnul
Zin
The Shining One
Jiyva

Shops:
D:4 *   D:6 =   Orc:2 :[}!

Portals:
Hell: Lair:6

Annotations:
D:8 exclusion: door
D:10 exclusions: ice statue and obsidian statue
D:13 1 runed translucent door
Snake:3 Agnes


Innate Abilities, Weirdness & Mutations

You are resistant to damage.
You can heal yourself by infusing magical energy.
You resist negative energy. (rN+)
You passively map the area around you.
You do not regenerate.
You have sharp toenails.
You are partially covered in yellow scales. (AC +2)
[You often lose your temper in combat.]
[Scrolls take you much longer to read.]
[Armour fits poorly on your strangely shaped body.]
[You are very dopey. (Int -4)]
[You are very frail. (-20% HP)]
[Your magical capacity is very low. (-20% MP)]
[You sometimes yell uncontrollably at your foes.]
[You are very weak. (Str -4)]


Message History

The wretched star is moderately damaged.
The wretched star pulses with an eldritch light!
Your vision blurs. x2
The wretched star pulses with an eldritch light!
Your body twists and deforms.
You feel weaker. x2
You closely miss the wretched star.
The wretched star is moderately damaged.
The wretched star pulses with an eldritch light!
You feel the urge to shout.
You feel a strong urge to yell.
Your chain mail prevents you from hitting the wretched star.
The wretched star is moderately damaged.
The wretched star glows turbulently.
The lance of force hits you!!
* * * LOW HITPOINT WARNING * * *
You are knocked back by the lance of force.
You slam into the stone wall!
* * * LOW HITPOINT WARNING * * *
The wretched star glows turbulently.
The lance of force hits you!!
You die...

#. ..## ###
.... . ..#
.#.###. ...
.... . ##
.......#.# #
## ..#.#.....
. ..#..
...##....#.#
.. #..# #.## .
....#...#.# #.
##.# . #..#*##
... ...
.#..#.*.@# ..
#..#..##.....#
..
#.#....##.#.#.
#.## ..#
.#....## . #..
.#. . ..## ..
.... . .## .
.. #. ...
#.##. .#. # ..
#.


You could see 2 wretched stars.

Vanquished Creatures
  Nikola (Snake:2)
  A tentacled starspawn (Abyss:2)
  The ghost of Bane the Warrior, an adept FoFi of Okawaru (Snake:1)
  A fire giant (D:15)
  An orc warlord (Orc:1)
  2 stone giants
  Nessos (Orc:2)
  A dire elephant (Lair:6)
  2 fire dragons (D:13)
  5 hydras
  3 vault guards (D:14)
  Harold (D:7)
  2 ice dragons (D:13)
  4 naga warriors
  An anaconda (Snake:1)
  A centaur warrior (D:15)
  7 two-headed ogres
  A death knight (D:15)
  A tengu warrior (D:15)
  4 orc high priests (Orc:2)
  Urug (Lair:6)
  2 shock serpents (Snake:1)
  7 naga sharpshooters
  2 salamander mystics
  A sea snake (Snake:2)
  An unseen horror (D:8)
  A glowing orange brain (shapeshifter) (D:13)
  A naga ritualist (Snake:2)
  A wizard (Lair:6)
  2 deep elf magi
  3 mana vipers
  An oklob plant (D:10)
  A wolf spider (D:15)
  An orc knight (Orc:1)
  3 manticores
  3 orc sorcerers
  7 salamanders
  13 ugly things
  Maurice (D:9)
  An elephant (Lair:6)
  7 naga magi
  18 black mambas
  A smoke demon (Abyss:2)
  9 spiny frogs
  3 gargoyles
  2 orange demons (Lair:6)
  2 centaur skeletons
  A kobold demonologist (D:13)
  An efreet (D:15)
  9 komodo dragons
  An ice devil (Lair:6)
  2 rime drakes (Lair:6)
  A yaktaur (D:15)
  A hellwing (Lair:6)
  A polar bear (Lair:5)
  6 meliai
  5 trolls
  A meliai (shapeshifter) (D:14)
  A harpy zombie (D:15)
  A queen bee (Lair:4)
  A wolf spider simulacrum (D:13)
  A hornet (D:8)
  20 blink frogs
  9 dream sheep
  12 hippogriffs
  4 shadows
  A meliai zombie (D:14)
  A vampire (D:13)
  2 wraiths
  2 basilisks
  2 water elementals (D:15)
  A tarantella (D:10)
  4 wyverns
  31 yaks
  3 hungry ghosts
  9 humans (D:14)
  Grum (D:9)
  Menkaure (D:7)
  A steam dragon (D:11)
  3 vampire mosquitoes (D:13)
  6 wargs
  2 soldier ants (D:8)
  21 nagas
  4 acid dragons
  3 insubstantial wisps (Lair:4)
  3 hell hounds (Lair:6)
  11 water moccasins
  8 porcupines
  4 black bears
  28 orc warriors
  6 ice beasts
  2 eyes of draining
  A necrophage (D:9)
  4 sky beasts
  10 ogres
  13 wolves
  2 phantoms
  19 centaurs
  10 crocodiles
  A big kobold (D:7)
  18 bullfrogs
  A wyvern zombie (D:14)
  2 wyvern skeletons
  4 scorpions
  A water moccasin skeleton (D:6)
  35 killer bees
  11 wights
  10 howler monkeys
  4 crimson imps
  A quasit (Abyss:2)
  A lava snake (D:15)
  5 centaur zombies
  33 orc priests
  9 hounds
  7 jellies
  4 iguanas
  An iron imp (D:7)
  3 bullfrog skeletons
  31 orc wizards
  15 worker ants
  A hound skeleton (D:6)
  11 gnolls
  A worker ant zombie (D:10)
  13 adders
  3 shadow imps
  A white imp (Abyss:2)
  An ooze (D:3)
  An adder skeleton (D:8)
  3 worms
  4 dart slugs
  11 leopard geckos
  86 orcs
  6 bats
  2 giant cockroaches
  4 goblins
  6 hobgoblins
  6 jackals (D:4)
  12 kobolds
  4 quokkas
  3 ball pythons
  2 frilled lizards
  2 jackal skeletons (D:6)
  A jackal zombie (D:6)
  A leopard gecko skeleton (D:4)
  A quokka skeleton (D:4)
  14 rats (D:1)
  6 fungi
  4 plants
  2 starspawn tentacles (Abyss:2)
842 creatures vanquished.

Vanquished Creatures (collateral kills)
  A sun demon (Lair:6)
  A salamander (Snake:3)
  An orange demon (Lair:6)
  2 red devils (Lair:6)
  A hell hound (Lair:6)
6 creatures vanquished.

Vanquished Creatures (others)
  A blink frog (Lair:2)
  A yak (Lair:2)
  A hungry ghost (Abyss:2)
  An orc warrior (Orc:1)
  An orc priest (Orc:1)
  An orc (Orc:1)
  8 fungi
  2 plants (Lair:5)
16 creatures vanquished.

Grand Total: 864 creatures vanquished

Notes
Turn   | Place    | Note
-------+----------+-------------------------------------------
     0 | D:1      | Anno the Deep Dwarf Fighter began the quest for the Orb.
     0 | D:1      | Reached XP level 1. HP: 20/20 MP: 1/1
   110 | D:1      | Reached skill level 3 in Axes
   113 | D:1      | Reached XP level 2. HP: 27/27 MP: 2/2
   634 | D:2      | Found a shattered altar of Ashenzari.
   634 | D:2      | Found a hazy altar of Hepliaklqana.
   666 | D:2      | Reached XP level 3. HP: 29/33 MP: 3/3
   680 | D:2      | Found a white marble altar of Elyvilon.
   688 | D:2      | Reached skill level 4 in Axes
   705 | D:2      | Became a worshipper of Elyvilon the Healer
   873 | D:2      | Reached XP level 4. HP: 31/40 MP: 4/4
  1053 | D:2      | Reached * piety under Elyvilon
  1152 | D:2      | Reached skill level 5 in Axes
  1809 | D:3      | Reached skill level 1 in Invocations
  2207 | D:3      | Reached ** piety under Elyvilon
  2455 | D:4      | Reached XP level 5. HP: 38/46 MP: 5/5
  2460 | D:4      | Found Zuaraote's General Store.
  2493 | D:4      | Reached skill level 6 in Axes
  2545 | D:4      | Found a blossoming altar of Fedhas.
  2644 | D:4      | Reached XP level 6. HP: 50/55 MP: 6/6
  2666 | D:4      | Reached skill level 7 in Axes
  2801 | D:4      | Found a staircase to the Ecumenical Temple.
  2824 | Temple   | Entered the Ecumenical Temple
  2927 | D:4      | Reached skill level 8 in Axes
  2987 | D:4      | Found a burning altar of Makhleb.
  2987 | D:4      | Found a blossoming altar of Fedhas.
  3089 | D:5      | Entered Level 5 of the Dungeon
  3096 | D:5      | Reached XP level 7. HP: 42/61 MP: 7/7
  3165 | D:5      | Found an ornate altar of the Wu Jian Council.
  3228 | D:5      | Reached *** piety under Elyvilon
  3236 | D:5      | Reached skill level 9 in Axes
  3519 | D:6      | Reached skill level 10 in Axes
  3547 | D:6      | Found Vyniyn's Jewellery Shop.
  3628 | D:6      | Reached XP level 8. HP: 62/68 MP: 6/8
  3886 | D:6      | Reached skill level 11 in Axes
  3980 | D:6      | Found an iron altar of Okawaru.
  4384 | D:7      | Reached skill level 12 in Axes
  4544 | D:7      | Reached **** piety under Elyvilon
  4545 | D:7      | Noticed Menkaure
  4545 | D:7      | Noticed Harold
  4563 | D:7      | Killed Harold
  4563 | D:7      | Reached skill level 13 in Axes
  4563 | D:7      | Gained mutation: You passively map the area around you.
                  | [Deep Dwarf growth]
  4563 | D:7      | Reached XP level 9. HP: 22/74 MP: 5/9
  4795 | D:7      | Gained mutation: [Scrolls take you a little longer to
                  | read.] [potion of mutation]
  4795 | D:7      | Gained mutation: You are partially covered in yellow
                  | scales. (AC +2) [potion of mutation]
  4795 | D:7      | Gained mutation: You have sharp toenails. [potion of
                  | mutation]
  4813 | D:7      | Killed Menkaure
  4983 | D:7      | Found a snail-covered altar of Cheibriados.
  5255 | D:8      | Found an ornate altar of the Wu Jian Council.
  5475 | D:8      | Reached skill level 14 in Axes
  5661 | D:8      | Noticed a seven-headed hydra
  6197 | D:8      | Reached XP level 10. HP: 70/81 MP: 12/12
  6297 | D:8      | Reached skill level 15 in Axes
  6397 | D:6      | Bought an uncursed ring of poison resistance for 300 gold
                  | pieces
  6644 | D:8      | Killed an unseen horror
  7010 | D:9      | Reached skill level 5 in Invocations
  7032 | D:9      | Reached skill level 16 in Axes
  7062 | D:9      | Found a staircase to the Orcish Mines.
  7094 | D:9      | Noticed Grum
  7100 | D:9      | Reached skill level 1 in Evocations
  7268 | D:9      | Killed Grum
  7354 | D:9      | Noticed Maurice
  7366 | D:9      | Killed Maurice
  7643 | D:9      | Noticed a two-headed ogre
  7673 | D:9      | Killed a two-headed ogre
  7673 | D:9      | Reached XP level 11. HP: 57/88 MP: 15/17
  7809 | D:9      | Found an ancient bone altar of Kikubaaqudgha.
  7991 | D:10     | Entered Level 10 of the Dungeon
  7991 | D:10     | Reached ***** piety under Elyvilon
  8004 | D:10     | Reached skill level 5 in Evocations
  8069 | D:10     | Noticed a two-headed ogre
  8081 | D:10     | Killed a two-headed ogre
  8117 | D:10     | Noticed an obsidian statue
  8340 | D:10     | Noticed a two-headed ogre
  8396 | D:10     | Killed a two-headed ogre
  8455 | D:10     | Found a staircase to the Lair.
  8464 | D:10     | Noticed an oklob plant
  8474 | D:10     | Killed an oklob plant
  8535 | D:10     | Reached skill level 10 in Invocations
  8650 | Lair:1   | Entered Level 1 of the Lair of Beasts
  9504 | Lair:2   | Noticed a four-headed hydra
  9510 | Lair:2   | Pacified a four-headed hydra
  9517 | Lair:2   | Reached skill level 5 in Fighting
  9573 | Lair:2   | Got an aquamarine-encrusted leather armour
  9584 | Lair:2   | Identified the +0 leather armour "Huleuwes" {Str+4 Dex-4
                  | Stlth+} (You found it on level 2 of the Lair of Beasts)
  9713 | Lair:2   | Reached XP level 12. HP: 78/103 MP: 20/20
  9818 | Lair:2   | Found a staircase to the Snake Pit.
  9881 | Lair:2   | Learned a level 2 spell: Blink
 10598 | Lair:3   | Noticed a seven-headed hydra
 10786 | Lair:3   | Pacified a seven-headed hydra
 10786 | Lair:3   | Reached skill level 5 in Armour
 10975 | Lair:3   | Found a basalt altar of Yredelemnul.
 11319 | Lair:4   | Reached skill level 1 in Translocations
 11692 | Lair:4   | Found a staircase to the Swamp.
 12365 | Lair:5   | Identified a scroll of acquirement
 12392 | Lair:5   | Noticed a six-headed hydra
 12513 | Lair:5   | Killed a four-headed hydra
 12513 | Lair:5   | Reached skill level 17 in Axes
 12583 | Lair:5   | Reached XP level 13. HP: 58/114 MP: 22/22
 12847 | Lair:5   | Found a staircase to the Slime Pits.
 12848 | Lair:5   | Found a viscous altar of Jiyva.
 13534 | Lair:6   | Entered Level 6 of the Lair of Beasts
 13759 | Lair:6   | Reached skill level 18 in Axes
 13960 | Lair:2   | Got a smoking lajatang
 13961 | Lair:2   | Identified the +10 lajatang of the Skies Above {holy, rF+
                  | rC++ Str-3 Int+4} (You acquired it on level 2 of the Lair
                  | of Beasts)
 14237 | Lair:6   | Noticed Urug
 14259 | Lair:6   | Killed Urug
 14425 | Lair:6   | Reached skill level 5 in Shields
 14441 | Lair:6   | Noticed a dire elephant
 14463 | Lair:6   | Killed a dire elephant
 14889 | Lair:6   | Found a burning altar of Makhleb.
 14928 | Lair:6   | Found a gateway to Hell.
 15433 | D:11     | Reached skill level 10 in Evocations
 16226 | D:12     | Gained mutation: You resist negative energy. (rN+) [Deep
                  | Dwarf growth]
 16226 | D:12     | Reached XP level 14. HP: 111/123 MP: 23/23
 17002 | D:13     | Found a runed translucent door.
 17007 | D:13     | Found the +2 shield of Resistance {rF+ rC+ MR+}
 17011 | D:13     | Found a runed translucent door.
 17058 | D:13     | Got a clouded ruby amulet
 17768 | D:13     | Identified the amulet of Rafom {+Rage rF+} (You found it on
                  | level 13 of the Dungeon)
 18603 | D:14     | Found a gate to the Vaults.
 18646 | D:15     | Entered Level 15 of the Dungeon
 18661 | D:15     | Reached skill level 10 in Shields
 18877 | D:15     | Found a staircase to the Depths.
 18879 | D:15     | Noticed a fire giant
 18906 | D:15     | Killed a fire giant
 18906 | D:15     | Reached XP level 15. HP: 53/129 MP: 23/25
 19794 | Orc:1    | Entered Level 1 of the Orcish Mines
 19794 | Orc:1    | Noticed an orc warlord
 19834 | Orc:1    | Killed an orc warlord
 19995 | Orc:2    | Entered Level 2 of the Orcish Mines
 20105 | Orc:2    | Noticed Nessos
 20152 | Orc:2    | Killed Nessos
 20726 | Orc:2    | Found a staircase to the Elven Halls.
 20876 | Orc:2    | Found Pybygi Omawo's Armour Shoppe.
 20876 | Orc:2    | Found Heafonku's Book Shoppe.
 20877 | Orc:2    | Found Adghil's Gadget Emporium.
 20881 | Orc:2    | Found Vovow's Distillery.
 21001 | Orc:2    | Bought a potion of flight for 48 gold pieces
 21001 | Orc:2    | Bought a potion of heal wounds for 80 gold pieces
 21171 | D:6      | Bought a cursed ring of attention for 67 gold pieces
 21171 | D:6      | Bought a +5 ring of strength for 618 gold pieces
 21171 | D:6      | Bought a cursed ring of teleportation for 67 gold pieces
 21260 | D:4      | Bought a scroll of enchant weapon for 90 gold pieces
 21480 | Snake:1  | Entered Level 1 of the Snake Pit
 21531 | Snake:1  | Found a runed translucent door.
 21534 | Snake:1  | Noticed Bane's ghost (adept FoFi)
 21705 | Snake:1  | Reached skill level 5 in Translocations
 22245 | Snake:2  | Reached skill level 15 in Shields
 22435 | Snake:2  | Noticed Nikola
 22453 | Snake:2  | Reached XP level 16. HP: 125/138 MP: 24/26
 22504 | Snake:2  | Killed Nikola
 22932 | Snake:1  | Paralysed by fainting for 5 turns
 22943 | Snake:1  | Killed Bane's ghost
 22945 | Snake:1  | Identified Sif Muna's Papyrus of Companions and
                  | Weightlessness
 23071 | Snake:3  | Noticed Agnes
 23074 | Snake:3  | Cast into level 2 of the Abyss (Agnes)
 23074 | Abyss:2  | Found a corrupted altar of Lugonu.
 23139 | Abyss:2  | Noticed a tentacled starspawn
 23157 | Abyss:2  | Killed a tentacled starspawn
 23189 | Abyss:2  | Killed from afar by a wretched star

Levels and vault maps discovered:
D:1:      erik_arrival_orb_chamber, layout_basic
D:2:      layout_basic, ashenzari_altar_1, elyvilon_altar_5,
          overflow_temple_1_default, first_ration
D:3:      layout_basic, hex_tiny, minmay_puff
D:4:      layout_cave_pools, gammafunk_temple_overflow_wave,
          minmay_temple_entry_slanted, serial_shops, nicolae_shop_crystal,
          fedhas_altar_2
D:5:      layout_rooms, old_standard_altar
D:6:      layout_basic, okawaru_gym_becter, serial_shops,
          nicolae_shop_behind_doors, minmay_quadrilaterals
D:7:      layout_cave_pools, slow_altar_1, uniq_menkaure, uniq_harold
D:8:      minmay_chambers_of_sevens, layout_basic, basic_altar,
          hangedman_pestilent_swarm, chequers_arboretum
D:9:      layout_stronghold, marbit_many_paths, erik_orc_4, uniq_maurice,
          uniq_grum
D:10:     minmay_separated_statues, layout_cross, dpeg_oklobed_lair
D:11:     layout_stronghold
D:12:     layout_roguey, moated_statue
D:13:     layout_long_grid, minmay_guarded_unrand_resistance
D:14:     layout_cave_pools, ximxim_vaults_locker_room, serial_bayou_pond_e
D:15:     grunt_enter_depths_giant_problem, layout_basic,
          nicolae_lava_and_water, eino_tiny_chamber
Temple:   cyrus_circular_temple
Lair:1:   layout_loops_ring
Lair:2:   layout_regular_city, minmay_snake_entry_guardpost_small,
          grunt_megastairs_1
Lair:3:   layout_layer_cave, basic_altar, grunt_megastairs_2
Lair:4:   layout_gridlike, minmay_swamp_entry_wisps, special_room
          [special_room_bee], infiniplex_staircase_pool
Lair:5:   layout_loops_ring, slime_altar_1
Lair:6:   evil_forest, layout_cave_shapes, chequers_serial_rivers_room_b,
          uniq_urug
Snake:1:  layout_rooms, gammafunk_ghost_grave
Snake:2:  layout_rooms, minmay_snake_pond, uniq_nikola
Snake:3:  layout_rooms, serial_shops, bzr_entry_road, uniq_agnes, uniq_asterion,
          uniq_aizul
Orc:1:    layout_caves, nicolae_orc_rockfall
Orc:2:    st_orc_mages, layout_diamond_mine, uniq_nessos
Abyss:2:  base:
D:6

Skill      XL: |  1  2  3  4  5  6  7  8  9 10 11 12 13 14 15 16 |
---------------+-------------------------------------------------+-----
Axes           | 3 4 5 6 8 10 13 14 16 17 18 | 18.7
Invocations    | 1 3 8 11 12 13 14 | 14.0
Evocations     | 3 8 10 | 10.4
Fighting       | 5 6 7 8 |  8.0
Armour         | 5 6 8 9 |  9.4
Translocations | 4 7 8 |  8.3
Shields        | 6 10 15 | 15.0
Slings         | |  0.8
Throwing       | |  0.1

Action                   |  1- 3 |  4- 6 |  7- 9 | 10-12 | 13-15 | 16-18 || total
-------------------------+-------+-------+-------+-------+-------+-------++-------
Melee: War axe           |   102 |   155 |   285 |   644 |   118 |       ||  1304
       Broad axe         |       |       |       |    97 |  1274 |   123 ||  1494
       Battleaxe         |       |       |       |       |   265 |       ||   265
 Fire: Hunting sling     |       |    22 |    48 |    13 |       |       ||    83
Throw: Dart              |     3 |    10 |    15 |    83 |    52 |     7 ||   170
       Throwing net      |       |       |       |     2 |     1 |     2 ||     5
       Boomerang         |       |       |       |    18 |       |       ||    18
Invok: Lesser Healing    |       |     3 |    37 |   103 |   220 |    12 ||   375
       Heal Other        |       |       |       |     3 |       |       ||     3
       Purification      |       |       |       |     1 |     2 |     1 ||     4
       Greater Healing   |       |       |       |     1 |       |       ||     1
 Abil: Evoke Berserk Rag |       |       |       |    13 |    31 |     4 ||    48
Evoke: Wand              |       |       |       |     4 |    12 |     1 ||    17
       Sack of spiders   |       |       |       |       |     1 |       ||     1
  Use: Scroll            |       |     5 |     8 |     9 |     9 |     1 ||    32
       Potion            |       |       |     1 |     2 |     3 |       ||     6
 Stab: Held in net/web   |       |       |       |     2 |       |       ||     2
       Paralysed         |       |       |       |     8 |       |       ||     8
       Invisible         |       |       |       |     6 |    22 |       ||    28
       Distracted        |       |       |       |       |       |     1 ||     1
  Eat: Chunk             |       |     7 |    16 |    37 |    85 |     4 ||   149
       Ration            |       |       |       |     4 |     5 |     2 ||    11
Armor: Scale mail        |    42 |    21 |       |       |       |       ||    63
       Plate armour      |       |    60 |   104 |   395 |   458 |       ||  1017
       Chain mail        |       |       |       |       |   152 |    41 ||   193
Dodge: Dodged            |    32 |    25 |    57 |    92 |   238 |    25 ||   469
Block: Shield            |    44 |    74 |    93 |   304 |   620 |    74 ||  1209

Table legend:
 A = Non-vault XP
 B = Vault XP
 C = Vault XP percentage of total XP
 D = Non-vault monster count
 E = Vault monster count
 F = Vault count percentage of total count
                 A         B        C        D         E       F
            +---------+---------+-------+---------+---------+-------
      Total |  123269 |   44197 |  26.4 |     641 |     198 |  23.6
            +---------+---------+-------+---------+---------+-------
        D:1 |      25 |      12 |  32.4 |      12 |      12 |  50.0
        D:2 |     103 |       0 |   0.0 |      13 |       0 |   0.0
        D:3 |      44 |       0 |   0.0 |      13 |       0 |   0.0
        D:4 |     523 |       0 |   0.0 |      32 |       0 |   0.0
        D:5 |     301 |       0 |   0.0 |      11 |       0 |   0.0
        D:6 |    1248 |     101 |   7.5 |      35 |       3 |   7.9
        D:7 |     863 |     737 |  46.1 |      28 |       3 |   9.7
        D:8 |    1399 |    2402 |  63.2 |      25 |      16 |  39.0
        D:9 |    2453 |    1884 |  43.4 |      28 |      22 |  44.0
       D:10 |    4607 |     595 |  11.4 |      19 |       1 |   5.0
       D:11 |    5100 |       0 |   0.0 |      43 |       0 |   0.0
       D:12 |    5699 |       0 |   0.0 |      39 |       0 |   0.0
       D:13 |    8802 |    4048 |  31.5 |      48 |       4 |   7.7
       D:14 |   11219 |    4719 |  29.6 |      33 |      12 |  26.7
       D:15 |    8841 |    1689 |  16.0 |      20 |       1 |   4.8
     Lair:1 |    2766 |       0 |   0.0 |      11 |       0 |   0.0
     Lair:2 |    2006 |    1059 |  34.6 |       8 |       6 |  42.9
     Lair:3 |    3823 |    1010 |  20.9 |      16 |       5 |  23.8
     Lair:4 |    1780 |    3148 |  63.9 |      10 |      30 |  75.0
     Lair:5 |    9928 |       0 |   0.0 |      39 |       0 |   0.0
     Lair:6 |    5601 |    9207 |  62.2 |      18 |      27 |  60.0
    Snake:1 |   13367 |    2296 |  14.7 |      28 |       1 |   3.4
    Snake:2 |   16191 |    3816 |  19.1 |      31 |       5 |  13.9
    Snake:3 |    3265 |       0 |   0.0 |       8 |       0 |   0.0
      Orc:1 |    6336 |       0 |   0.0 |      41 |       0 |   0.0
      Orc:2 |    3841 |    7474 |  66.1 |      26 |      50 |  65.8
    Abyss:2 |    3138 |       0 |   0.0 |       6 |       0 |   0.0
            +---------+---------+-------+---------+---------+-------
